 Dungeon Crawl Stone Soup version 0.26.1-11-gd32895ea62 (webtiles) character file.

Game seed: 17341210029222806916

77 kodamatunes15 the Ruffian (level 4, -1/37 HPs)
             Began as a Ghoul Gladiator on May 26, 2021.
             Slain by Crazy Yiuf
             ... wielding a +4 quarterstaff of chaos
              (2 damage)
             ... on level 2 of the Dungeon.
             The game lasted 00:06:08 (2276 turns).

kodamatunes15 the Ruffian (Ghoul Gladiator)         Turns: 2276, Time: 00:06:08

Health: -1/37      AC:  6    Str: 17    XL:     4   Next: 34%
Magic:  2/3        EV:  9    Int:  4    God:
Gold:   137        SH:  7    Dex: 10    Spells: 3/3 levels left

rFire    . . .     SeeInvis .   h - +0 short sword
rCold    + . .     Faith    .   l - +0 kite shield
rNeg     + + +     Spirit   .   m - +2 leather armour {Will+}
rPois    ∞         Reflect  .   b - +0 helmet
rElec    .         Harm     .   (no cloak)
rCorr    .         Rampage  .   (no gloves)
Will     +....                  (no boots)
Stlth    +.........             (no amulet)
HPRegen  0.00/turn              (no ring)
MPRegen  0.08/turn              (no ring)

@: no status effects
A: claws 1, cold resistance 1, negative energy resistance 3, inhibited
regeneration, torment resistance, unbreathing
a: no special abilities


You were on level 2 of the Dungeon.
You visited 1 branch of the dungeon, and saw 2 of its levels.

You collected 137 gold pieces.

Inventory:

Hand Weapons
 h - a +0 short sword (weapon)
Missiles
 c - 3 throwing nets (quivered)
Armour
 b - a +0 helmet (worn)
 l - a +0 kite shield (worn)
 m - a +2 leather armour of willpower (worn)
Jewellery
 g - an uncursed amulet of guardian spirit {unknown}
 i - an uncursed ring of resist corrosion {unknown}
Scrolls
 a - a scroll of remove curse
 j - a scroll of teleportation
Potions
 e - 2 potions of curing {unknown}
 k - 2 potions of mutation {unknown}


   Skills:
 + Level 2.4 Fighting
 + Level 0.1 Short Blades
 + Level 2.3 Throwing
 + Level 0.8 Armour
 + Level 3.2 Dodging
 + Level 0.1 Shields
 + Level 4.2 Unarmed Combat


You had 3 spell levels left.
You didn't know any spells.
Your spell library was empty.

Dungeon Overview and Level Annotations

Branches:
Dungeon (2/15)

Altars:
Fedhas
The Shining One

Annotations:
D:2 Crazy Yiuf


Innate Abilities, Weirdness & Mutations

You thrive by killing the living.
You are immune to poison.
You have sharp fingernails.
Your flesh is cold resistant. (rC+)
You are immune to negative energy. (rN+++)
You do not regenerate when monsters are visible.
You are immune to unholy pain and torment.
You can survive without breathing.


Message History

You block Crazy Yiuf's attack.
You hit Crazy Yiuf but do no damage.
Crazy Yiuf is moderately wounded.
Crazy Yiuf hits you but does no damage.
You hit Crazy Yiuf but do no damage.
Crazy Yiuf is moderately wounded.
You block Crazy Yiuf's attack.
You hit Crazy Yiuf but do no damage.
Crazy Yiuf is moderately wounded.
Crazy Yiuf closely misses you.
You closely miss Crazy Yiuf.
Crazy Yiuf is moderately wounded.
Crazy Yiuf cries, "You leg down broken song, no?"
You block Crazy Yiuf's attack.
You closely miss Crazy Yiuf.
Crazy Yiuf is moderately wounded.
Crazy Yiuf hits you with a +4 quarterstaff of chaos!
* * * LOW HITPOINT WARNING * * *
Crazy Yiuf burns you.
You die...

#### #######..#
......>..#
♣♣♣♣♣###
######...# ###
♣♣♣.♣....## ####
#.###
#...#♣..♣......##
...# #.#
#...g@♣♣♣♣......#
##)# #.# #)..#♣♣
♣♣.....# ##.###.#
### ♣♣##..#
##..##.# #.##
###.##.# #.# #
#..#.# ### #.#
####.#.# #.# #.#
..##.#.##
#.######.#####
..##....#
#............#


You could see Crazy Yiuf.

Vanquished Creatures
  3 adders (D:2)
  An ooze (D:1)
  A worm (D:2)
  2 dart slugs
  5 bats
  3 giant cockroaches
  4 goblins
  5 hobgoblins
  6 kobolds
  A ball python (D:2)
  A frilled lizard (D:1)
  9 rats
41 creatures vanquished.

Notes
Turn   | Place    | Note
-------+----------+-------------------------------------------
     0 | D:1      | kodamatunes15 the Ghoul Gladiator began the quest for the
                  | Orb.
     0 | D:1      | Reached XP level 1. HP: 17/17 MP: 0/0
   176 | D:1      | Reached XP level 2. HP: 24/24 MP: 1/1
   292 | D:1      | Found a glowing golden altar of the Shining One.
   358 | D:1      | Reached XP level 3. HP: 30/30 MP: 2/2
  1412 | D:2      | Reached skill level 4 in Unarmed Combat
  1533 | D:2      | Found a runed translucent door.
  1534 | D:2      | Noticed Crazy Yiuf
  1791 | D:2      | Reached XP level 4. HP: 17/37 MP: 3/3
  1998 | D:2      | Found a blossoming altar of Fedhas.
  2276 | D:2      | HP: 1/37 [Crazy Yiuf/+4 quarterstaff of chaos (7)]
  2276 | D:2      | Slain by Crazy Yiuf

Illustrated notes

Levels and vault maps discovered:
D:1:      lemuel_arrival_funnel, layout_loops_cross, tso_metal_star
D:2:      layout_basic, lemuel_doored_altar, uniq_crazy_yiuf_cottage

Skill      XL: |  1  2  3 |
---------------+----------+-----
Dodging        | 3 |  3.2
Throwing       | 2 |  2.3
Unarmed Combat | 4 |  4.2
Fighting       | |  2.4
Short Blades   | |  0.1
Armour         | |  0.8
Shields        | |  0.1

Action                   |  1- 3 |  4- 6 || total
-------------------------+-------+-------++-------
Melee: Unarmed           |    89 |       ||    89
       Short sword       |    22 |    37 ||    59
  Use: Scroll            |       |     2 ||     2
Armor: Leather armour    |    41 |    10 ||    51
Dodge: Dodged            |    68 |    15 ||    83
Block: Kite shield       |    18 |    14 ||    32
